Map: Magannatha LE

Players

WEarecooked - Winner!

  • Race: Protoss Protoss
  • League: Diamond
  • Spawn Location: 11:00

SubN

  • Race: Zerg Zerg
  • League: Diamond
  • Spawn Location: 5:00

VOD

Have the link to the VOD?

Description

Time

  • Played on: July 28, 2025, 4:52 p.m.
  • Length: 4:43
Show
View Real Time Build Order
Export as new Build Order

WEarecooked Protoss - Winner!

Build Orders: 1 Gate Expand, Oracle Opening 

Get SALT Encoding   

  12  0:00  Probe  
  13  0:12  Probe  
  14  0:19  Pylon  
  14  0:24  Probe  
  15  0:38  Gateway  
  15  0:41  Probe  
  16  0:44  Assimilator  
  16  0:50  Probe  
  17  0:58  Probe  
  18  1:07  Probe  
  19  1:19  Probe  
  20  1:27  Cybernetics Core  
  20  1:41  Nexus  
  20  1:48  Probe  
  20  1:51  Assimilator  
  20  1:53  Adept  
  21  2:01  Pylon  
  22  2:10  Probe  
  23  2:17  Stargate  
  23  2:23  Adept  
  25  2:34  Probe  
  26  2:47  Warp Gate  
  26  2:53  Probe x2  
  28  2:59  Pylon  
  28  3:02  Probe  
  28  3:03  Oracle  
  31  3:10  Probe  
  32  3:16  Adept  
  35  3:20  Probe x2  
  37  3:28  Gateway  
  37  3:33  Probe  
  33  3:42  Oracle  
  33  3:45  Probe  
  33  3:47  Probe  
  33  3:48  Adept  
  33  3:53  Probe  
  36  4:01  Probe  
  35  4:12  Probe  
  35  4:13  Pylon  
  36  4:24  Probe  
  39  4:33  Gateway  
  39  4:37  Twilight Council  
Show
View Real Time Build Order
Export as new Build Order

SubN Zerg 

Build Orders: Pool First 

Get SALT Encoding   

  12  0:00  Drone  
  13  0:12  Overlord  
  13  0:17  Drone  
  14  0:30  Drone x2  
  16  0:41  Spawning Pool  
  15  0:43  Drone  
  15  0:49  Extractor  
  15  0:50  Drone  
  15  0:55  Drone  
  17  1:14  Hatchery  
  16  1:19  Drone  
  17  1:28  Zergling x4  
  19  1:39  Zergling x2  
  20  1:42  Queen  
  22  1:49  Overlord  
  22  2:04  Overlord  
  22  2:10  Metabolic Boost  
  22  2:14  Drone  
  22  2:50  Queen  
  23  2:51  Zergling x2  
  23  2:52  Zergling x14  
  31  3:01  Zergling x2  
  32  3:07  Zergling x4  
  32  3:12  Queen  
  35  3:46  Zergling x2  
  35  3:47  Zergling x14  
  41  3:52  Spore Crawler  
  33  4:03  Spore Crawler  
  30  4:16  Zergling x2  
  31  4:17  Zergling x8  
Tags
 
Add a new tag
Caveats
  • Supply blocks, unpowered buildings, or Contaminate may cause inaccurate times.
  • Supply counts are checked every 10 seconds.